 Dungeon Crawl Stone Soup version 0.14.0-24-gfb45beb (console) character file.

30249 Rage the Ripper (level 13, 0/63 HPs)
             Began as a Felid Berserker on Apr 22, 2014.
             Was an Elder of Trog.
             Slain by a deep troll earth mage (10 damage)
             ... on Level 2 of the Depths on Apr 23, 2014.
             The game lasted 01:17:29 (9563 turns).

Rage the Ripper (Felid Berserker)                   Turns: 9563, Time: 01:17:30

HP   0/63        AC  5     Str 13      XL: 13   Next: 10%
MP   0/18        EV 35     Int 10      God: Trog [****..]
Gold 1605        SH  0     Dex 21      Spells:  0 memorised, 12 levels left
Lives: 0, deaths: 3

rFire  + . .     SeeInvis +       - Unarmed
rCold  + . .     Clarity  .     (armour unavailable)
rNeg   . . .     Conserve .     (shield unavailable)
rPois  .         rCorr    .     (helmet unavailable)
rElec  +         rRot     .     (cloak unavailable)
SustAb . .       Spirit   +     (gloves unavailable)
rMut   .         Warding  .     (boots unavailable)
Saprov . . .     Stasis   .     i - amulet "Heunioj" {Spirit rElec}
MR     +....                    t - ring of protection from fire
                                z - +2 ring of dexterity

@: quick, somewhat resistant to hostile enchantments, extraordinarily stealthy
A: paw claws, no armour, no weapons or thrown items, fangs 3, thin metallic
scales 1, see invisible, carnivore 3, speed 1, low mp 1, shaggy fur 3, slow
metabolism 1, jump 3
a: Jump Attack, Burn Spellbooks, Berserk, Trog's Hand, Brothers in Arms,
Renounce Religion


You were on level 2 of the Depths.
You worshipped Trog.
Trog was greatly pleased with you.
You were hungry.

You visited 3 branches of the dungeon, and saw 21 of its levels.
You also visited: Bailey and Ice Cave.

You collected 1605 gold pieces.

Inventory:

Hand weapons
 l - the +10,+9 trident of Bread {pierce, Str+2, unknown}
   (You found it on level 9 of the Dungeon)

   It inflicts extra damage upon your enemies.
   It affects your strength (+2).
 r - the +8,+1 dire flail of Expedience {crush, Int-1 SInv, unknown}
   (You found it on level 10 of the Dungeon)

   It inflicts extra damage upon your enemies.
   It affects your intelligence (-1).
   It enhances your eyesight.
Armour
 d - the +2 robe of Eluasyem {Str+2 Stlth++, unknown}
   (You found it on level 3 of the Depths)

   It affects your strength (+2).
   It makes you much more stealthy.
Magical devices
 b - a wand of paralysis (5)
 g - a wand of disintegration (8)
 p - a wand of fireball (1) {unknown}
 B - a wand of teleportation (3)
 G - a wand of paralysis (17)
Comestibles
 c - 5 meat rations
Scrolls
 k - 3 scrolls of amnesia
 m - a scroll of fear
 u - a scroll of fog
 x - 2 scrolls of magic mapping
 F - 2 scrolls of noise
 I - 3 scrolls of teleportation
Jewellery
 h - an uncursed ring of fire
 i - the amulet "Heunioj" (around neck) {Spirit rElec}
   (You found it on level 6 of the Dungeon)

   [amulet of guardian spirit]

   It insulates you from electricity.
 j - an uncursed amulet of clarity
 o - an uncursed ring of sustenance
 t - a ring of protection from fire (right paw)
 v - an uncursed ring of protection from magic
 w - an uncursed ring of protection from magic
 z - a +2 ring of dexterity (left paw)
Potions
 e - a potion of heal wounds
 f - 2 potions of haste
 q - a potion of magic
 s - a potion of curing
Books
 A - a book of Flames

   Spells                             Type                      Level
   Flame Tongue                       Conjuration/Fire             1
   Throw Flame                        Conjuration/Fire             2
   Conjure Flame                      Conjuration/Fire             3
   Inner Flame                        Hexes/Fire                   3
   Sticky Flame                       Conjuration/Fire             4
   Fireball                           Conjuration/Fire             5
   Trog disapproves of the use of such an item.
 D - a book of Alchemy

   Spells                             Type                      Level
   Lethal Infusion                    Charms/Necromancy            2
   Sublimation of Blood               Necromancy                   2
   Condensation Shield                Ice                          4
   Petrify                            Transmutation/Earth          4
   Ignite Poison                      Fire/Transmutation           5
   Trog disapproves of the use of such an item.
Miscellaneous
 a - a crystal ball of energy
 n - a lantern of shadows


   Skills:
 * Level 11.5 Fighting
 + Level 16.5 Dodging
 + Level 13.9 Stealth
 + Level 17.1 Unarmed Combat


You had 12 spell levels left.
You didn't know any spells.

Dungeon Overview and Level Annotations

Branches:
Dungeon (15/15)            Temple (0/1) D:6             Orc (0/4) D:9
 Vaults (0/5) D:14           Hell (1/1)              Depths (5/5) D:15
   Lair: D:8-11         Dis: Hell:1         Geh: Hell:1         Coc: Hell:1
    Tar: Hell:1         Zot: Depths:5

Altars:
Ashenzari
Trog
Yredelemnul
The Shining One
Lugonu

Portals:
Hell: Depths:2 Depths:3 Depths:5
Abyss: Depths:2 Depths:3 Depths:4
Pandemonium: Depths:3

Annotations:
D:11 Josephine
Hell Geryon


Innate Abilities, Weirdness & Mutations

You cannot wear armour.
You are incapable of wielding weapons or throwing items.
Your paws have sharp claws.
You have razor-sharp teeth.
You have supernaturally acute eyesight.
You are carnivorous and can eat meat at any time.
You cover ground quickly.
Your thick and shaggy fur keeps you warm (AC +3, rC+).
You have a slow metabolism.
You can jump attack at a long distance.
You are partially covered in thin metallic scales (AC +2).
Your magical capacity is low (-10% MP).


Message History

The deep troll earth mage is severely wounded.
The deep troll earth mage completely misses you.
The deep troll earth mage claws you.
The deep troll earth mage completely misses you.
You scratch the deep troll earth mage but do no damage.
The deep troll earth mage is severely wounded.
The deep troll earth mage bites you.
The deep troll earth mage completely misses you.
The deep troll earth mage misses you.
You scratch the deep troll earth mage but do no damage.
You claw the deep troll earth mage.
The deep troll earth mage is severely wounded.
You claw the deep troll earth mage!
The deep troll earth mage is almost dead.
The deep troll earth mage bites you!
* * * LOW HITPOINT WARNING * * *
The deep troll earth mage claws you!
* * * LOW HITPOINT WARNING * * *
The deep troll earth mage claws you!
You die...

.#.###.....^....#..#.#.)#####.###
.#.# ####.#.#.......H............
...# ##...#......#######..R.....
...# ##.#.#.#........#(...###.###
...###.#.................## #.#
....#.#.#.....T...##.#.#>####.#
.......................R......#
..............#T.#####.........##
.............##.@.###............
...###.#####.##.....#......######
.... #.# #...............######
..#.##.# #..#####...R..........
....##.# #..## #........#####.
....##.#####...####.######.# #.
.T#. ........#......# #.# #. #..
### ##...###### #.# ## #. #.###
#.#


You could see a rakshasa and 2 deep troll earth magi.

Vanquished Creatures
  Xtahua (Depths:3)
  Frederick (Depths:3)
  A sphinx (Depths:4)
  A tengu reaver (Depths:3)
  3 fire giants
  Louise (D:14)
  2 stone giants
  A vampire knight (Depths:1)
  2 dire elephants
  A blizzard demon (Depths:3)
  A deep elf death mage (Depths:2)
  A yaktaur captain (Depths:3)
  2 vault guards (D:14)
  2 minotaurs
  A ravenous feature mimic (Depths:3)
  A deep troll earth mage (Depths:2)
  5 death yaks (Depths:1)
  3 deep troll shamans
  A spectral elf (Depths:2)
  A centaur warrior (Depths:2)
  3 spriggan berserkers (Depths:2)
  2 catoblepae (Depths:2)
  3 skeletal warriors (D:13)
  3 wizards
  3 deep trolls
  An orb spider (shapeshifter) (Depths:3)
  3 unseen horrors
  An infernal demonspawn (Depths:3)
  2 ice statues (IceCv)
  2 hill giants
  A necromancer (D:14)
  A manticore (Depths:2)
  3 cyclopes
  An elephant (shapeshifter) (D:14)
  2 guardian serpents (D:10)
  A feature mimic (D:10)
  3 gargoyles
  A smoke demon (Depths:3)
  11 yaktaurs
  An item mimic (D:15)
  2 centaur zombies
  An efreet (D:13)
  2 freezing wraiths
  3 kobold demonologists
  3 trolls
  A blue devil (Depths:3)
  A two-headed ogre (D:10)
  3 slime creatures (D:15)
  A deep elf fighter (D:14)
  17 yaks
  A wraith (D:12)
  12 ugly things (D:14)
  5 hippogriffs
  An air elemental (Depths:4)
  17 humans (D:14)
  Grum (D:11)
  4 wolves (D:11)
  A steam dragon (D:10)
  Edmund (D:9)
  A mottled dragon (D:14)
  A sky beast (D:10)
  A tengu skeleton (D:10)
  27 ice beasts
  A necrophage (D:13)
  A black bear (D:13)
  4 orc warriors
  A manticore zombie (D:14)
  2 ogres
  3 phantoms
  6 centaurs
  A big kobold (D:13)
  9 giant frogs
  3 wights (D:13)
  2 scorpions
  A wyvern skeleton (D:14)
  A tengu zombie (D:10)
  15 killer bees
  9 hounds
  4 crimson imps
  2 gnoll shamans
  An iguana (D:11)
  An orc priest (D:14)
  A jelly (D:9)
  2 iron imps (Depths:3)
  2 orc wizards
  8 worker ants
  2 sheep (D:14)
  A hound skeleton (D:5)
  2 mummies (D:12)
  A worker ant zombie (D:11)
  12 gnolls
  8 adders
  2 shadow imps
  2 worms (D:2)
  4 white imps (Depths:3)
  2 ufetubi (Depths:3)
  A giant eyeball (Depths:2)
  25 orcs
  A giant cockroach (D:6)
  2 goblins (D:5)
  14 hobgoblins
  6 jackals
  8 kobolds
  3 quokkas
  A ball python (D:1)
  4 bats
  A giant gecko (D:10)
  2 giant newts (D:2)
  A hobgoblin skeleton (D:8)
  2 orc skeletons
  4 rats
378 creatures vanquished.

Vanquished Creatures (collateral kills)
  2 ice dragons (IceCv)
  A deep troll earth mage (Depths:3)
3 creatures vanquished.

Vanquished Creatures (others)
  A two-headed ogre (Depths:3)
  An ogre (Depths:4)
  A centaur (D:12)
  A giant spore (D:14)
4 creatures vanquished.

Grand Total: 385 creatures vanquished

Notes
Turn   | Place    | Note
--------------------------------------------------------------
     0 | D:1      | Rage, the Felid Berserker, began the quest for the Orb.
     0 | D:1      | Reached XP level 1. HP: 10/10 MP: 2/2
   143 | D:2      | Reached XP level 2. HP: 9/14 MP: 3/3
   218 | D:2      | Reached XP level 3. HP: 17/17 MP: 5/5
   258 | D:2      | Acquired Trog's second power
   340 | D:4      | Noticed a phantom
   378 | D:4      | Killed a phantom
   378 | D:4      | Reached skill level 5 in Dodging
   378 | D:4      | Reached XP level 4. HP: 21/21 MP: 7/7
   378 | D:4      | Reached XP level 5. HP: 24/24 MP: 8/8
   430 | D:5      | Entered Level 5 of the Dungeon
   451 | D:5      | Noticed a centaur
   457 | D:5      | Reached skill level 5 in Unarmed Combat
   462 | D:5      | Killed a centaur
   498 | D:5      | Found a shattered altar of Ashenzari.
   558 | D:6      | Reached skill level 6 in Dodging
   558 | D:6      | Gained mutation: You are covered in thick fur (AC +2). [growing up]
   558 | D:6      | Gained mutation: You can jump attack at a medium distance. [growing up]
   558 | D:6      | Reached XP level 6. HP: 28/28 MP: 10/10
   609 | D:6      | Found a basalt altar of Yredelemnul.
   610 | D:6      | Noticed a profane servitor
   614 | D:6      | Found a glowing golden altar of the Shining One.
   731 | D:6      | Found a staircase to the Ecumenical Temple.
   771 | D:6      | Reached XP level 7. HP: 19/31 MP: 12/12
   798 | D:6      | Got a sparkling amethyst amulet
   829 | D:6      | Reached skill level 7 in Unarmed Combat
   894 | D:5      | Noticed an ogre
   911 | D:5      | Killed an ogre
  1242 | D:9      | Noticed a gargoyle
  1253 | D:9      | Killed a gargoyle
  1253 | D:9      | Reached skill level 8 in Dodging
  1253 | D:9      | Reached XP level 8. HP: 34/34 MP: 13/13
  1254 | D:9      | Found a staircase to the Orcish Mines.
  1284 | D:9      | Got a shimmering trident
  1285 | D:9      | Noticed a hill giant
  1297 | D:9      | Killed a hill giant
  1297 | D:9      | Reached skill level 9 in Dodging
  1340 | D:9      | Noticed Edmund
  1355 | D:9      | Killed Edmund
  1408 | D:9      | HP: 1/34 [orc warrior/dire flail (17)]
  1417 | D:9      | Reached skill level 10 in Unarmed Combat
  1577 | D:9      | Identified the amulet "Heunioj" {Spirit rElec} (You found it on level 6 of the Dungeon)
  1598 | D:10     | Entered Level 10 of the Dungeon
  1615 | D:10     | Reached XP level 9. HP: 19/37 MP: 1/15
  1651 | D:10     | Noticed a guardian serpent
  1664 | D:10     | Killed a guardian serpent
  1664 | D:10     | Reached skill level 10 in Dodging
  1674 | D:10     | Gained mutation: You have a pair of small horns on your head. [mutagenic meat]
  1693 | D:10     | Noticed a hill giant
  1754 | D:10     | Killed a hill giant
  1754 | D:10     | Reached skill level 11 in Unarmed Combat
  1862 | D:10     | Noticed a troll
  1866 | D:10     | Noticed an unseen horror
  1888 | D:10     | Killed an unseen horror
  1889 | D:10     | Killed a troll
  1889 | D:10     | Reached skill level 12 in Unarmed Combat
  1889 | D:10     | Reached XP level 10. HP: 36/42 MP: 11/17
  1919 | D:10     | Found a portal to a secret trove of treasure.
  1920 | D:10     | the portal to a secret trove of treasure was a mimic.
  2075 | D:10     | Found a flagged portal.
  2099 | Bailey   | Entered a bailey
  2339 | Bailey   | Noticed an orc knight
  2661 | D:10     | Noticed a guardian serpent
  2670 | D:10     | Killed a guardian serpent
  2731 | D:10     | Got a faintly glowing dire flail
  2878 | D:11     | Noticed Josephine
  2884 | D:11     | Slain by an iguana skeleton
  2885 | D:11     | Reached XP level 9. HP: -3/37 MP: 0/15
  2951 | D:11     | Reached skill level 13 in Unarmed Combat
  3056 | D:11     | Noticed Grum
  3059 | D:11     | Reached XP level 10. HP: 42/42 MP: 17/17
  3079 | D:11     | Killed Grum
  3081 | D:11     | Acquired Trog's third power
  3387 | D:12     | Found a frozen archway.
  3410 | D:12     | Reached skill level 14 in Unarmed Combat
  3460 | IceCv    | Entered an ice cave
  3636 | IceCv    | Noticed an ice statue
  3736 | IceCv    | Noticed an ice statue
  3809 | IceCv    | Killed an ice statue
  3809 | IceCv    | Reached XP level 11. HP: 35/45 MP: 5/18
  3819 | IceCv    | Killed an ice statue
  3897 | IceCv    | Noticed an ice dragon
  3898 | IceCv    | Noticed an ice dragon
  3919 | IceCv    | Killed an ice dragon
  3939 | IceCv    | Killed an ice dragon
  4182 | D:12     | Reached skill level 1 in Stealth
  4306 | D:11     | Noticed an unseen horror
  4451 | D:13     | Noticed a skeletal warrior
  4451 | D:13     | Noticed a skeletal warrior
  4451 | D:13     | Noticed a skeletal warrior
  4530 | D:13     | Killed a skeletal warrior
  4536 | D:13     | Killed a skeletal warrior
  4609 | D:13     | Killed a skeletal warrior
  4609 | D:13     | Reached skill level 5 in Fighting
  4609 | D:13     | Reached skill level 5 in Stealth
  4855 | D:13     | Reached skill level 15 in Unarmed Combat
  4974 | D:13     | Noticed an unseen horror
  4996 | D:13     | Killed an unseen horror
  5040 | D:13     | Noticed an unseen horror
  5055 | D:13     | Killed an unseen horror
  5097 | D:13     | Noticed a soul eater
  5105 | D:13     | Gained mutation: Your thick and shaggy fur keeps you warm (AC +3, rC+). [growing up]
  5105 | D:13     | Gained mutation: You can jump attack at a long distance. [growing up]
  5105 | D:13     | Reached XP level 12. HP: 52/52 MP: 16/19
  5160 | D:13     | Found a bloodstained altar of Trog.
  5533 | D:14     | Noticed a vault guard
  5548 | D:14     | Killed a vault guard
  5724 | D:14     | Reached skill level 10 in Stealth
  5732 | D:14     | Gained mutation: You are partially covered in thin metallic scales (AC +2). [mutagenic meat]
  5733 | D:14     | Lost mutation: You have a pair of small horns on your head. [mutagenic meat]
  5734 | D:14     | Gained mutation: Your magical capacity is low (-10% MP). [mutagenic meat]
  5778 | D:14     | Noticed a vault guard
  5856 | D:14     | Killed a vault guard
  5872 | D:14     | Noticed Louise
  6108 | D:14     | Killed Louise
  6108 | D:14     | Reached skill level 15 in Dodging
  6371 | D:14     | Reached XP level 13. HP: 22/58 MP: 8/18
  6605 | D:14     | Found a gate to the Vaults.
  6708 | D:15     | Entered Level 15 of the Dungeon
  6964 | D:15     | Found a staircase to the Depths.
  6965 | D:15     | Noticed a fire giant
  7008 | D:15     | Killed a fire giant
  7137 | Depths:1 | Entered Level 1 of the Depths
  7137 | Depths:1 | Noticed a fire giant
  7155 | Depths:1 | Noticed a vampire knight
  7161 | Depths:1 | Killed a fire giant
  7170 | Depths:1 | Killed a vampire knight
  7376 | Depths:2 | Found a one-way gate to the infinite horrors of the Abyss.
  7383 | Depths:2 | Reached skill level 16 in Unarmed Combat
  7442 | Depths:2 | Noticed a stone giant
  7462 | Depths:2 | Killed a stone giant
  7591 | Depths:2 | Found a gateway to Hell.
  7600 | Hell     | Entered the Vestibule of Hell
  7600 | Hell     | Noticed Geryon
  7743 | Depths:2 | Noticed a fire giant
  7811 | Depths:2 | Noticed a dire elephant
  7824 | Depths:2 | Killed a dire elephant
  7904 | Depths:2 | Noticed a frost giant
  7905 | Depths:2 | Noticed a titan
  7941 | Depths:2 | Noticed a tengu reaver
  7948 | Depths:3 | Found a corrupted altar of Lugonu.
  7967 | Depths:3 | Killed a tengu reaver
  7998 | Depths:3 | Noticed Xtahua
  8042 | Depths:3 | Killed Xtahua
  8042 | Depths:3 | Reached skill level 10 in Fighting
  8042 | Depths:3 | Reached XP level 14. HP: 66/66 MP: 15/18
  8360 | Depths:4 | Noticed a sphinx
  8364 | Depths:4 | Killed a sphinx
  8408 | Depths:4 | Noticed a balrug
  8488 | Depths:5 | Entered Level 5 of the Depths
  8654 | Depths:3 | Got a faintly humming robe
  8672 | Depths:3 | HP: 3/66 [minotaur/runed war axe (20)]
  8672 | Depths:3 | Demolished by a minotaur
  8673 | Depths:3 | Reached XP level 13. HP: -14/62 MP: 0/18
  8966 | Depths:3 | Found a one-way gate leading to the halls of Pandemonium.
  8998 | Depths:3 | Mangled by a blue devil
  8999 | Depths:3 | Reached XP level 12. HP: -6/60 MP: 0/17
  9109 | Depths:3 | Noticed a dire elephant
  9111 | Depths:3 | Noticed Frederick
  9130 | Depths:3 | Killed a dire elephant
  9228 | Depths:3 | Killed Frederick
  9228 | Depths:3 | Reached skill level 17 in Unarmed Combat
  9282 | Depths:3 | Killed a ravenous door mimic
  9283 | Depths:3 | Noticed a fire giant
  9300 | Depths:3 | Killed a fire giant
  9300 | Depths:3 | Reached XP level 13. HP: 63/63 MP: 15/18
  9360 | Depths:3 | Noticed a fire giant
  9430 | Depths:3 | Noticed a tengu reaver
  9460 | Depths:2 | Noticed a golden dragon
  9563 | Depths:2 | Slain by a deep troll earth mage

Action                   |  1- 3 |  4- 6 |  7- 9 | 10-12 | 13-15 || total
-------------------------+-------+-------+-------+-------+-------++-------
Melee: Unarmed           |    67 |    61 |   198 |   893 |   360 ||  1579
Invok: Berserk           |     2 |     3 |    15 |    21 |    16 ||    57
       Trog's Hand       |     1 |     4 |     8 |    26 |    19 ||    58
       Brothers in Arms  |       |       |       |     1 |     2 ||     3
       Burn Spellbooks   |       |       |       |     2 |       ||     2
Evoke: Wand              |       |       |     1 |     5 |     1 ||     7
  Use: Scroll            |     2 |     4 |     5 |    12 |    11 ||    34
       Potion            |       |       |     1 |     2 |     1 ||     4
 Stab: Sleeping          |     1 |     1 |     2 |     9 |    11 ||    24
       Distracted        |       |       |       |     2 |     1 ||     3
